 Dungeon Crawl Stone Soup version 0.15.2 (webtiles) character file.

11 HopeRidesAlone the Insei (level 2, -6/24 HPs)
             Began as a Mummy Monk on Oct 22, 2015.
             Mangled by a hobgoblin
             ... wielding a +0 club
              (7 damage)
             ... on Level 1 of the Dungeon.
             The game lasted 00:01:14 (471 turns).

HopeRidesAlone the Insei (Mummy Monk)                Turns: 471, Time: 00:01:14

HP  -6/24        AC  0     Str 14      XL: 2   Next: 17%
MP   2/2         EV 13     Int  9      God:
Gold 27          SH  0     Dex 14      Spells:  0 memorised,  1 level left

rFire  x . .     SeeInvis .       - Unarmed
rCold  + . .     Clarity  .     (no armour)
rNeg   + + +     rCorr    .     (no shield)
rPois  +         rRot     +     (no helmet)
rElec  .         Spirit   .     (no cloak)
SustAb .         Warding  .     (no gloves)
rMut   .         Stasis   .     (no boots)
Gourm  .                        (no amulet)
MR     .....                    (no ring)
                                (no ring)

@: constricted, not resistant to hostile enchantments, unstealthy
A: no food or potions, fire vulnerability, restore body, cold resistance 1,
negative energy resistance 3, poison resistance, torment resistance, unbreathing
a: no special abilities


You were on level 1 of the Dungeon.
You were not hungry.

You visited 1 branch of the dungeon, and saw 1 of its levels.

You collected 27 gold pieces.


Innate Abilities, Weirdness & Mutations

You do not eat or drink.
Your flesh is vulnerable to fire.
Your flesh is cold resistant.
You are immune to negative energy.
Your system is resistant to poisons.
You are immune to unholy pain and torment.
You can survive without breathing.


   Skills:
 - Level 3.0 Fighting
 - Level 2.4 Dodging
 - Level 1.5 Stealth
 + Level 3.7 Unarmed Combat


You had one spell level left.
You didn't know any spells.

Inventory:

Armour
 a - a +0 robe
Comestibles
 d - 2 chunks of jackal flesh
Scrolls
 b - a scroll of amnesia {unknown}
 c - 2 scrolls of magic mapping {unknown}
 e - a scroll of identify {unknown}

Dungeon Overview and Level Annotations

Branches:
Dungeon (1/15)

Altars:

.................
...........£.....
.........%........
......>...........
.......#..£...####
.......#.....##..##
#......#.........b#
#.............##bg#
##...........##gM## .
........####.#.S## ..
.............#.. ..... ..
.............##. ##........ ..
..######......####..........##
.. +..................#......
. ####.....##...........#....#
..........+........(..#....#
...##.....#...........#....#.


You could see a hobgoblin, a goblin, 2 bats and a ball python.


Message History

* * * LOW HITPOINT WARNING * * *
Found an orange potion.
A ball python and 2 hobgoblins come into view.
The hobgoblin shouts! x2
The hobgoblin moves out of view.
The bat hits you.
* * * LOW HITPOINT WARNING * * *
Found an orange potion.
The bat barely misses you. The bat hits you.
* * * LOW HITPOINT WARNING * * *
The ball python closely misses you. x2
The hobgoblin misses you. The bat closely misses you.
The ball python barely misses you. The ball python grabs you.
* * * LOW HITPOINT WARNING * * *
The ball python constricts you.
You see here an orange potion.
You closely miss the ball python. Your punch misses the ball python.
The bat hits you.
* * * LOW HITPOINT WARNING * * *
The bat barely misses you.
The hobgoblin hits you but does no damage.
The ball python barely misses you.
* * * LOW HITPOINT WARNING * * *
The ball python constricts you.
You hit the ball python but do no damage.
The bat closely misses you. The bat hits you.
* * * LOW HITPOINT WARNING * * *
The ball python barely misses you.
* * * LOW HITPOINT WARNING * * *
The ball python constricts you. The hobgoblin hits you with a club!
You die...

Action                   || total
-------------------------++-------
Melee: Unarmed           ||    38

Vault maps used:
D:1:      ldierk_walled_garden_2, corexii_hall_statues_x,
          kennysheep_flooded_box, minmay_close_crescents

Notes
Turn   | Place    | Note
--------------------------------------------------------------
     0 | D:1      | HopeRidesAlone, the Mummy Monk, began the quest for the Orb.
     0 | D:1      | Reached XP level 1. HP: 18/18 MP: 1/1
   415 | D:1      | Reached XP level 2. HP: 22/24 MP: 2/2
   471 | D:1      | HP: 2/24 [bat (1)]
   471 | D:1      | Mangled by a hobgoblin

Vanquished Creatures
  A goblin (D:1)
  2 hobgoblins (D:1)
  A bat (D:1)
  A giant newt (D:1)
  2 jackals (D:1)
  4 kobolds (D:1)
  2 rats (D:1)
13 creatures vanquished.

Vanquished Creatures (others)
  4 toadstools (D:1)
4 creatures vanquished.

Grand Total: 17 creatures vanquished
